 Dungeon Crawl Stone Soup version 0.28.0-1-gb440e238dd (webtiles) character file.

Game seed: 9774068823105836490

67 spaghetti the Slasher (level 4, -2/35 HPs)
             Began as a Mummy Fighter on Feb 19, 2022.
             Was an Initiate of Gozag.
             Killed by divine providence
             ... invoked by an orc priest
              (11 damage)
             ... on level 3 of the Dungeon.
             The game lasted 00:01:32 (2262 turns).

spaghetti the Slasher (Mummy Fighter)               Turns: 2262, Time: 00:01:32

Health: -2/35      AC:  6    Str: 21    XL:     4   Next: 0%
Magic:  4/4        EV:  9    Int:  7    God:    Gozag
Gold:   233        SH:  4    Dex: 11    Spells: 3/3 levels left

rFire   x . .      SeeInvis .   a - +0 long sword
rCold   + . .      Faith    .   c - +0 buckler
rNeg    + + +      Spirit   .   d - +0 scale mail
rPois   ∞          Reflect  .   (no helmet)
rElec   .          Harm     .   (no cloak)
rCorr   .          Rampage  .   (no gloves)
Will    .....                   (no boots)
Stlth   ..........              (no amulet)
HPRegen 0.11/turn               (no ring)
MPRegen 0.09/turn               (no ring)

@: about to teleport
A: cold resistance 1, negative energy resistance 3, torment resistance 2, heat
vulnerability 1, no potions
a: Renounce Religion, Potion Petition, Call Merchant, Bribe Branch


You were on level 3 of the Dungeon.
You worshipped Gozag.
Gozag was aware of your devotion.
You visited 1 branch of the dungeon, and saw 3 of its levels.

You collected 233 gold pieces.

Inventory:

Hand Weapons
 a - a +0 long sword (weapon)
 b - a +0 hunting sling
Missiles
 g - 48 stones (quivered)
Armour
 c - a +0 buckler (worn)
 d - a +0 scale mail (worn)
Jewellery
 h - a ring of resist corrosion
Wands
 j - a wand of acid (14)
Scrolls
 e - a scroll of holy word
 i - a scroll of summoning {unknown}


   Skills:
 - Level 3.0 Fighting
 + Level 3.5 Long Blades
 - Level 2.4 Armour
 - Level 2.4 Shields


You had 3 spell levels left.
You didn't know any spells.
Your spell library contained the following spells:

 Spells                   Type           Power      Damage    Failure   Level
 Chain Lightning          Conj/Air       0%         N/A       100%        9
 Fire Storm               Conj/Fire      0%         5d1       100%        9
 Shatter                  Erth           0%         3d5*      100%        9


Dungeon Overview and Level Annotations

Branches:
Dungeon (3/15)

Altars:
Gozag

Annotations:
D:3 Sigmund


Innate Abilities, Weirdness & Mutations

You are immune to poison.
Your flesh is cold resistant. (rC+)
You are immune to negative energy. (rN+++)
You are immune to unholy pain and torment.
You are vulnerable to heat. (rF-)
You do not drink.


Message History

Sigmund flickers and vanishes!
Deactivating autopickup; reactivate with Ctrl-A.
An orc priest comes into view. It is wielding a +0 flail.
An orc wizard comes into view. It is wielding a +0 dagger.
A frilled lizard comes into view.
Found an escape hatch in the floor.
You start waiting.
A worm is nearby!
You hit the worm but do no damage. The worm closely misses you.
The orc priest looks satisfied for a moment.
You closely miss the orc. The orc hits you with a +0 hand axe.
The worm bites you. Something hits you.
You barely miss the orc. You block the orc's attack.
The orc priest casts a cantrip, but nothing happens.
The worm misses you.
You barely miss the orc. The orc hits you with a +0 hand axe.
Something hits you!
* * * LOW HITPOINT WARNING * * *
The orc hits you with a +0 hand axe.
* * * LOW HITPOINT WARNING * * *
You are too injured to fight recklessly!
You are too injured to fight recklessly!
You are too injured to fight recklessly!
You are too injured to fight recklessly!
You are too injured to fight recklessly!
You are too injured to fight recklessly!
You are too injured to fight recklessly!
You are too injured to fight recklessly!
You are too injured to fight recklessly!
You are too injured to fight recklessly!
You are too injured to fight recklessly!
You are too injured to fight recklessly!
You are too injured to fight recklessly!
Unknown command.
As you read the scroll labelled NOSHRY XAZOINOMN, it crumbles to dust.
You feel strangely unstable.
It was a scroll of teleportation.
The orc priest calls down the wrath of Beogh upon you.
Beogh smites you!
You die...
Your body crumbles into a pile of gold.

#. .. #.. #> #...
#. ...##. ....
#..##########..
#...##.<.....?.
#.@o.........
###w.........
#.{...{o........
$
.....w#l#####....
......... ###.
.........
..#...o... .
o..o....
.#.o.l....


You could see a worm, an orc priest, an orc and a frilled lizard.

Vanquished Creatures
  2 adders (D:2)
  An ufetubus (D:2)
  3 dart slugs
  5 ball pythons
  3 endoplasms
  A giant cockroach (D:2)
  A goblin (D:2)
  6 hobgoblins
  A kobold (D:1)
  A quokka (D:1)
  6 bats
  4 frilled lizards
  3 rats (D:2)
37 creatures vanquished.

Notes
Turn   | Place    | Note
-------+----------+-------------------------------------------
     0 | D:1      | spaghetti the Mummy Fighter began the quest for the Orb.
     0 | D:1      | Reached XP level 1. HP: 18/18 MP: 1/1
    87 | D:1      | Reached XP level 2. HP: 24/24 MP: 2/2
   687 | D:1      | Found a faded altar of an unknown god.
   731 | D:1      | Prayed at the altar of an unknown god.
   731 | D:1      | Became a worshipper of Gozag Ym Sagoz the Greedy
   841 | D:2      | Reached XP level 3. HP: 29/29 MP: 3/3
  2076 | D:2      | Reached XP level 4. HP: 31/35 MP: 4/4
  2253 | D:3      | Noticed Sigmund
  2262 | D:3      | Killed from afar by an orc priest

Illustrated notes

Levels and vault maps discovered:
D:1:      roderic_octagonal_star, layout_basic, ebering_ecumenical_altar_webs,
          minmay_misc_feat_hallway
D:2:      layout_basic
D:3:      kennysheep_goblin_castle, layout_rooms, uniq_sigmund, uniq_grinder

Skill      XL: |  1  2  3 |
---------------+----------+-----
Long Blades    | 2 3 |  3.5
Fighting       | |  3.0
Armour         | |  2.4
Shields        | |  2.4

Action                   |  1- 3 |  4- 6 || total
-------------------------+-------+-------++-------
Melee: Long sword        |    98 |     4 ||   102
  Use: Scroll            |     1 |     1 ||     2
Armor: Scale mail        |    48 |       ||    48
Dodge: Dodged            |    48 |     2 ||    50
Block: Buckler           |    12 |     1 ||    13
